 Dungeon Crawl Stone Soup version 0.29-a0-834-g1e95ca9f62 (webtiles) character file.

Game seed: 13943109847420288051

89 benadryl the Changer (level 4, 0/30 HPs)
             Began as an Octopode Transmuter on July 12, 2022.
             Succumbed to an adder's poison
             ... on level 2 of the Dungeon.
             The game lasted 00:04:13 (3006 turns).

benadryl the Changer (Octopode Transmuter)          Turns: 3006, Time: 00:04:13

Health: 0/30       AC:  1    Str:  9    XL:     4   Next: 55%
Magic:  6/7        EV: 13    Int: 17    God:
Gold:   34         SH:  0    Dex: 12    Spells: 3/7 levels left

rFire   . . .      SeeInvis .     - Unarmed
rCold   . . .      Faith    .   (no shield)
rNeg    . . .      Spirit   .   (helmet currently unavailable)
rPois   .          Reflect  .   (no amulet)
rElec   .          Harm     .   (no ring)
rCorr   .          Rampage  .   (no ring)
Will    .....                   (no ring)
Stlth   ++........              (no ring)
HPRegen 0.10/turn               (no ring)
MPRegen 0.10/turn               (no ring)
                                (no ring)
                                (no ring)

@: lethally poisoned (0 -> -7), appendages, hasted, very quick
A: tentacle spike 3, almost no armour, amphibious, 8 rings, camouflage 1,
gelatinous body 1, (nimble swimmer 1), tentacles
a: End Transformation


You were on level 2 of the Dungeon.
One of your tentacles had grown a beastly spike.
You visited 1 branch of the dungeon, and saw 3 of its levels.

You collected 34 gold pieces.

Inventory:

Armour
 e - an orb of guile
 k - a +1 hat (melded)
Jewellery
 d - a ring of fire
Scrolls
 i - 2 scrolls of identify {unknown}
 l - a scroll of enchant weapon {unknown}
Potions
 a - 3 potions of lignification
 b - a potion of resistance {unknown}
 c - a potion of curing {unknown}
 f - 2 potions of haste
 g - a potion of heal wounds {unknown}
 h - a potion of flight {unknown}
 j - a potion of attraction {unknown}


   Skills:
 + Level 2.6 Fighting
 - Level 2.0 Dodging
 + Level 3.1 Unarmed Combat
 - Level 2.0 Spellcasting
 * Level 3.7 Transmutations


You had 3 spell levels left.
You knew the following spells:

 Your Spells              Type           Power      Damage    Failure   Level
a - Beastly Appendage     Tmut           28%        N/A       4%          1
b - Spider Form           Tmut/Pois      8%         N/A       26%         3

Your spell library contained the following spells:

 Spells                   Type           Power      Damage    Failure   Level
 Wereblood                Tmut           14%        N/A       6%          2
 Ice Form                 Ice/Tmut       8%         N/A       65%         4
 Passage of Golubria      Tloc           1%         N/A       88%         4
 Silence                  Hex/Air        0%         N/A       99%         5
 Lehudib's Crystal Spear  Conj/Erth      0%         10d2      100%        8


Dungeon Overview and Level Annotations

Branches:
Dungeon (3/15)

Altars:


Innate Abilities, Weirdness & Mutations

One of your tentacles has grown a beastly spike.
You cannot wear most types of armour.
You are amphibious.
You can wear up to eight rings at the same time.
Your skin changes colour to match your surroundings (Stealth+).
Your rubbery body absorbs attacks. (AC +1, EV +1)
((You are camouflaged when in or above water. (Stealth+)))
You have tentacles for arms and can constrict up to eight enemies at once.


Message History

The adder closely misses you. The orc barely misses you.
The adder closely misses you. The orc hits you with a +0 dagger.
You closely miss the adder. Your grab misses the adder. The adder bites you.
You are poisoned.
The adder poisons you!
You tentacle-slap the adder. Your grab misses the adder.
The adder is moderately wounded.
You feel sick. The adder bites you.
You are more poisoned.
The adder poisons you! The orc hits you with a +0 dagger.
You closely miss the adder. You grab the adder.
The adder is moderately wounded.
You constrict the adder.
You feel sick. The adder barely misses you.
The orc hits you but does no damage. The adder bites you.
You are lethally poisoned!
The adder poisons you!
You tentacle-slap the orc but do no damage.
You grab the orc. You constrict the adder. You constrict the orc.
* * * LOW HITPOINT WARNING * * *
You feel very sick. The orc hits you with a +0 dagger.
* * * LOW HITPOINT WARNING * * *
The adder closely misses you.
You tentacle-slap the adder.
You pierce the adder.
Your squeeze misses the adder.
The adder is almost dead.
You constrict the adder.
You kill the adder!
You constrict the orc.
* * * LOW HITPOINT WARNING * * *
You feel very sick. The orc misses you.
You tentacle-slap the orc but do no damage.
You pierce the orc, but do no damage.
Your squeeze misses the orc.
The orc is moderately wounded.
You constrict the orc.
* * * LOW HITPOINT WARNING * * *
You feel sick. The orc closely misses you.
It was a potion of haste.
You feel yourself speed up.
You constrict the orc.
You die...

.#.# #..................# #
.#.#####.#.....#.####.#..# #
#........#.....#.# #.#..# #
...#.#####.....#.# #.#..# .....#
#.......# #.#..#
.....#####.......####.#..#
.........................#
##...........#..)†....#.##
...#............@######.#########
#..#######.....))o..#............
....# #..#######.#.#.#########
....# #..............# #... ....#
#.########.#.### #.## #.#.# #.#
#.#.# #.# ....# #.# #.#.# #.#
#.### #.# #.#.# #.# #.# #.# #.#.#
#.#


You could see an orc.

Vanquished Creatures
  3 adders (D:2)
  2 worms (D:2)
  4 dart slugs
  2 orcs (D:2)
  2 ball pythons
  3 endoplasms
  2 giant cockroaches (D:1)
  5 hobgoblins
  3 jackals (D:1)
  3 kobolds
  A quokka (D:2)
  5 bats
  2 frilled lizards (D:1)
  6 goblins
  2 rats (D:1)
45 creatures vanquished.

Notes
Turn   | Place    | Note
-------+----------+-------------------------------------------
     0 | D:1      | benadryl the Octopode Transmuter began the quest for the
                  | Orb.
     0 | D:1      | Reached XP level 1. HP: 13/13 MP: 3/3
    59 | D:1      | Reached XP level 2. HP: 11/18 MP: 0/5
   588 | D:1      | Reached XP level 3. HP: 10/24 MP: 4/6
  1834 | D:2      | Reached XP level 4. HP: 13/30 MP: 7/7
  2007 | D:2      | Learned a level 3 spell: Spider Form
  3005 | D:2      | HP: 1/30 [poisoned by an adder]
  3006 | D:2      | Succumbed to an adder's poison

Illustrated notes

Levels and vault maps discovered:
D:1:      lightli_arrival_flooded_house, layout_loops_ring,
          minmay_indecisive_spiral
D:2:      layout_basic, minmay_misc_feat_chi, nrook_uturn,
          small_statue_intersection
D:3:      layout_basic, ebering_ecumenical_altar_hall, st_stairs_10,
          amethyst_killhole

Skill      XL: |  1  2  3 |
---------------+----------+-----
Fighting       | 2 |  2.6
Transmutations | 3 |  3.7
Dodging        | |  2.0
Unarmed Combat | |  3.1
Spellcasting   | |  2.0

Action                   |  1- 3 |  4- 6 || total
-------------------------+-------+-------++-------
Melee: Unarmed           |    82 |    32 ||   114
       Constrict         |    23 |     7 ||    30
       Tentacles         |    19 |     3 ||    22
       Kick              |     5 |     6 ||    11
       Punch             |     2 |       ||     2
 Cast: Beastly Appendage |     4 |     3 ||     7
  Use: Potion            |       |     1 ||     1
 Stab: Sleeping          |     1 |       ||     1
Armor: Skin              |     5 |     5 ||    10
Dodge: Dodged            |    65 |    41 ||   106

Table legend: (Time is in decaauts)
 A = Elapsed time spent in this place.
 B = Non-inter-level travel time spent in this place.
 C = Inter-level travel time spent in this place.
 D = Time resting spent in this place.
 E = Time spent auto-exploring this place.
 F = Levels seen in this place.
 G = Mean time per level.
                   A        B        C        D        E       F      G
               +--------+--------+--------+--------+--------+-----+--------+
         Total |   3001 |   2912 |     89 |   1064 |   1570 |   3 | 1000.3 |
       Dungeon |   3001 |   2912 |     89 |   1064 |   1570 |   3 | 1000.3 |
               +--------+--------+--------+--------+--------+-----+--------+

Top non-repeatable levels by time:
     D:2: 1731 daAuts
     D:1: 1264 daAuts
     D:3: 6 daAuts
